 Dungeon Crawl Stone Soup version 0.24-a0-139-geb6712d24a (webtiles) character file.

Game seed: 0

150031 MirrMurr the Markscentaur (level 16, -5/144 HPs)
             Began as a Centaur Berserker on Mar 3, 2019.
             Was the Champion of Trog.
             Slain by a very large slime creature (36 damage)
             ... on level 1 of the Swamp.
             The game lasted 01:13:58 (29391 turns).

MirrMurr the Markscentaur (Centaur Berserker)      Turns: 29391, Time: 01:13:59

Health: -5/144     AC: 24    Str: 25    XL:     16   Next: 97%
Magic:  16/16      EV:  7    Int:  6    God:    Trog [******]
Gold:   2273       SH:  0    Dex: 11    Spells: 15/15 levels left

rFire    . . .     SeeInvis +   a - +9 longbow (freeze)
rCold    + . .     Gourm    .   (shield currently unavailable)
rNeg     + . .     Faith    .   t - +0 plate armour
rPois    +         Spirit   .   U - +0 helmet {SInv}
rElec    .         Reflect  .   S - scarf {cloud immunity}
rCorr    +         Harm     .   o - +0 pair of gloves "Elirae" {+Blink rPois MR++ rCorr}
MR       +++..                  L - +3 centaur barding {Fly}
Stlth    ..........             D - macabre finger necklace {rN+}
HPRegen  0.34/turn              E - +6 ring of slaying
MPRegen  0.15/turn              K - ring of see invisible
                                M - ring of protection from cold

@: flying, very quick
A: large, hooves 3, deformed body, speed 2, tough skin 3
a: Berserk, Trog's Hand, Brothers in Arms, Renounce Religion, Evoke Blink, Stop
Flying


You were on level 1 of the Swamp.
You worshipped Trog.
Trog was exalted by your worship.
You were hungry.

You visited 4 branches of the dungeon, and saw 25 of its levels.
You also visited: Sewer and Ice Cave.

You collected 3089 gold pieces.
You spent 816 gold pieces at shops.

Inventory:

Hand Weapons
 a - a +9 longbow of freezing (weapon)
 b - a +7 antimagic glaive
 q - a +0 blowgun
 w - a +2 antimagic bardiche
Missiles
 d - 2 throwing nets {!f}
 k - 123 poisoned needles
 l - 343 arrows (quivered)
 y - 12 curare-tipped needles
 z - 690 stones
Armour
 o - the +0 pair of gloves "Elirae" (worn) {+Blink rPois MR++ rCorr}
   (You bought it in a shop on level 2 of the Orcish Mines)

   It protects you from poison.
   It affects your resistance to hostile enchantments.
   It lets you blink.
   It provides partial protection from all sources of acid and corrosion.
 t - a +0 plate armour (worn)
 L - a +3 centaur barding of flying (worn)
 S - a scarf of cloud immunity (worn)
 U - a +0 helmet of see invisible (worn)
Jewellery
 D - the macabre finger necklace (around neck) {rN+}
   (You took it off an orc warrior on level 10 of the Dungeon)

   [amulet of nothing]

   It protects you from negative energy.
 E - a +6 ring of slaying (left hand)
 K - a ring of see invisible (right hand)
 M - a ring of protection from cold (on amulet)
Wands
 m - a wand of clouds (6)
 x - a wand of iceblast (28)
 H - a wand of polymorph (17)
 N - a wand of enslavement (9)
 O - a wand of acid (9)
 R - a wand of disintegration (7)
Scrolls
 f - a scroll of fear
 h - a scroll of immolation
 i - 11 scrolls of identify
 r - 8 scrolls of remove curse
 G - 8 scrolls of teleportation
 P - a scroll of magic mapping
 Q - a scroll of fog
Potions
 e - 5 potions of heal wounds
 g - 2 potions of cancellation
 j - 2 potions of invisibility
 n - 11 potions of curing
 p - 5 potions of haste
 s - 7 potions of might
 u - a potion of agility
 A - 3 potions of lignification
 B - 8 potions of flight
 F - 6 potions of mutation
 J - 9 potions of ambrosia
 T - 2 potions of resistance
Comestibles
 c - 60 rations


   Skills:
 + Level 13.4 Fighting
 + Level 12.9 Polearms
 - Level 20.0 Bows
 + Level 10.4 Armour
 + Level 10.4 Dodging


You had 15 spell levels left.
You didn't know any spells.
Your spell library was empty.

Dungeon Overview and Level Annotations

Branches:
Dungeon (15/15)            Temple (0/1) D:6            Lair (6/6) D:9
  Swamp (2/4) Lair:4       Spider (0/4) Lair:3        Slime (0/5) Lair:5
    Orc (2/2) D:11            Elf (0/3) Orc:2        Vaults (0/5) D:14
 Depths (0/5) D:15

Altars:
Fedhas
Hepliaklqana
Qazlal
Uskayaw
Xom
Jiyva

Shops:
D:4 !   D:5 [   D:8 %   D:11 [[   Orc:2 [%*[

Annotations:
D:4 1 runed translucent door, MrRokkomies's ghost, weakling HuAK
D:13 2 transporters, Orphog's ghost, journeyman MiFi
Lair:6 1 runed translucent door, hemabe's ghost, journeyman HuAr
Swamp:1 3 runed translucent doors, temitten's ghost, adept HaHu


Innate Abilities, Weirdness & Mutations

You have hooves in place of feet.
Armour fits poorly on your strangely shaped body.
You cover ground very quickly.
You have extremely tough skin. (AC +3)


Message History

You are yanked forward by the harpoon shot.
The slime creature hits you.
Two slime creatures merge to form a very large slime creature.
The swamp worm throws harpoon shot at you.
The harpoon shot hits you but does no damage.
There is a staircase back to the Lair, spattered with blood here.
The swamp worm throws harpoon shot at you.
The harpoon shot hits you!
* * * LOW HITPOINT WARNING * * *
You stop ascending the stairs.
You are yanked forward by the harpoon shot.
There are monsters nearby!
Unknown command.
The swamp worm throws harpoon shot at you.
The harpoon shot hits you!
* * * LOW HITPOINT WARNING * * *
You are yanked forward by the harpoon shot.
There is a staircase back to the Lair, spattered with blood here.
The very large slime creature hits you!!!
You die...

...♣ ♣≈≈≈≈♣.≈≈...≈..≈≈.≈≈§ ≈≈.♣
♣.≈≈≈≈.≈≈..≈≈≈≈≈≈..≈≈ .≈.♣♣
♣≈≈.≈≈.♣≈.≈≈.≈...≈≈≈≈ ....♣
♣.♣≈≈≈≈...≈≈.≈.♣≈♣≈♣≈ ≈≈≈.♣♣
♣.≈≈...≈≈≈♣≈...≈≈≈≈≈≈ ..≈..♣
♣♣:..♣..≈≈≈≈..§≈..≈...
≈≈#≈.♣♣♣♣♣♣♣≈≈♣.≈.......≈≈.§≈..♣≈
≈≈≈≈≈≈....≈≈≈≈♣.≈.≈♣≈≈≈≈≈≈≈.....≈
≈.#≈.≈≈≈.≈≈≈≈≈≈.@J≈≈≈...≈≈......♣
..#≈.≈≈≈≈≈≈≈≈≈..♣w≈....≈≈≈≈§≈....
..#.≈≈≈≈≈≈≈≈≈≈.♣♣.≈.≈.......≈≈≈≈.
..#...≈..≈♣....♣♣.≈≈≈..>.♣...≈≈≈.
..#..♣♣..≈..♣♣♣♣♣≈≈≈≈≈≈.≈≈♣≈≈≈.≈≈
÷..♣♣♣♣♣♣♣♣.♣ ♣≈≈.≈≈≈≈≈.≈≈.≈.♣♣
♣♣♣♣ ♣.♣♣♣♣♣♣♣.♣≈§.≈≈≈≈..♣♣
♣.♣.≈....≈≈≈..♣♣♣♣♣♣♣
♣♣.≈.♣♣♣♣♣♣♣♣♣♣♣


You could see a very large slime creature and a swamp worm.

Vanquished Creatures
  Frances (D:13)
  2 thorn hunters (Swamp:1)
  A frost giant (IceCv)
  A caustic shrike skeleton (D:15)
  Snorg (D:13)
  2 fire dragons
  A yaktaur captain (D:15)
  A rakshasa (D:13)
  Erica (D:10)
  4 ogre magi (Orc:2)
  12 hydras
  3 centaur warriors
  A death knight (D:12)
  3 alligators (Swamp:1)
  4 catoblepae
  23 two-headed ogres
  3 tengu warriors
  20 death yaks
  Sonja (Lair:2)
  A deep elf knight (D:14)
  3 skeletal warriors
  A storm dragon skeleton (D:15)
  6 swamp dragons (Swamp:1)
  4 unseen horrors
  A flayed ghost (D:15)
  A wizard (D:15)
  2 wolf spider zombies (D:15)
  A necromancer (D:15)
  12 ugly things
  7 deep elf magi
  2 orc sorcerers
  4 orc knights
  7 cyclopes
  2 manticores (Lair:6)
  A wolf spider (D:15)
  An ice statue (IceCv)
  Joseph (D:8)
  2 black mambas
  A torpor snail (Lair:6)
  7 elephants
  2 gargoyles
  13 spiny frogs
  A rime drake (Lair:5)
  5 komodo dragons
  3 freezing wraiths
  An efreet (D:15)
  2 kobold demonologists
  16 polar bears
  3 meliai (D:15)
  5 jumping spiders (Lair:3)
  2 tyrant leeches (Swamp:1)
  8 trolls
  A queen bee (D:15)
  19 slime creatures
  5 hippogriffs
  6 bog bodies
  A deep troll zombie (D:15)
  15 blink frogs
  A spriggan skeleton (D:15)
  2 redbacks (Lair:3)
  A spriggan (Lair:5)
  3 shadows
  2 wyverns
  A vampire (D:15)
  73 yaks
  4 basilisks
  4 wraiths
  6 hungry ghosts
  A steam dragon (D:11)
  9 vampire mosquitoes
  3 insubstantial wisps (Swamp:1)
  8 wargs (Orc:2)
  7 swamp worms
  8 water moccasins
  An acid dragon (D:11)
  6 porcupines
  5 ice beasts
  A black bear (Lair:5)
  30 orc warriors
  3 phantoms
  35 ogres
  A boggart (D:14)
  3 sky beasts
  34 wolves
  12 centaurs
  10 crocodiles
  5 big kobolds
  14 bullfrogs
  2 gnoll sergeants
  A wyvern skeleton (D:14)
  4 scorpions
  31 killer bees
  5 howler monkeys
  An electric eel (Lair:4)
  6 centaur zombies
  3 crimson imps
  10 jellies
  2 bullfrog zombies
  A hound (D:2)
  15 orc priests
  24 orc wizards
  2 bullfrog skeletons
  9 centaur skeletons
  10 worker ants
  4 iguanas
  2 hound skeletons
  A howler monkey zombie (D:10)
  2 worker ant zombies (D:11)
  18 gnolls
  13 river rats
  17 adders
  6 shadow imps
  15 oozes
  2 adder skeletons (D:5)
  2 dart slugs
  3 worms (D:3)
  6 leopard geckos
  89 orcs
  3 ball pythons
  9 giant cockroaches
  7 goblins
  5 hobgoblins
  18 jackals
  10 quokkas
  4 bats
  8 frilled lizards
  21 kobolds
  A quokka zombie (D:5)
  27 rats
  2 fungi (Lair:6)
  4 plants
  A withered plant (D:15)
979 creatures vanquished.

Vanquished Creatures (collateral kills)
  A worker ant (D:7)
1 creature vanquished.

Vanquished Creatures (others)
  Jorgrun (D:14)
  10 fungi
  3 plants
  6 withered plants (D:15)
20 creatures vanquished.

Grand Total: 1000 creatures vanquished

Notes
Turn   | Place    | Note
-------+----------+-------------------------------------------
     0 | D:1      | MirrMurr the Centaur Berserker began the quest for the Orb.
     0 | D:1      | Reached XP level 1. HP: 19/19 MP: 1/1
   359 | D:1      | Reached XP level 2. HP: 26/26 MP: 2/2
   670 | D:1      | Reached XP level 3. HP: 31/31 MP: 3/3
  1047 | D:2      | Reached ** piety under Trog
  1296 | D:2      | Reached XP level 4. HP: 34/38 MP: 4/4
  1466 | D:2      | Found a faded altar of an unknown god.
  2038 | D:3      | Found a glowing drain.
  2039 | D:3      | Reached XP level 5. HP: 45/46 MP: 5/5
  2069 | Sewer    | Entered a sewer
  2086 | Sewer    | Reached *** piety under Trog
  3138 | D:3      | Noticed a water moccasin
  3149 | D:3      | Killed a water moccasin
  3149 | D:3      | Reached XP level 6. HP: 52/52 MP: 6/6
  3699 | D:4      | Found a runed translucent door.
  3703 | D:4      | Noticed MrRokkomies's ghost (weakling HuAK)
  3781 | D:4      | Reached **** piety under Trog
  3904 | D:4      | Found a hazy altar of Hepliaklqana.
  3905 | D:4      | Found a shimmering altar of Xom.
  3906 | D:4      | Noticed a spectral ugly thing
  3942 | D:4      | Found Byxzuh's Distillery.
  4023 | D:4      | Reached skill level 5 in Polearms
  4110 | D:4      | Reached XP level 7. HP: 44/60 MP: 7/7
  4114 | D:4      | Received a gift from Trog
  4316 | D:5      | Entered Level 5 of the Dungeon
  4844 | D:5      | Found a hide-covered altar of Uskayaw.
  4882 | D:5      | Found Cotsamor's Antique Armour Shop.
  4887 | D:5      | Bought a pair of gloves for 103 gold pieces
  5505 | D:5      | Reached skill level 5 in Fighting
  5938 | D:6      | Reached XP level 8. HP: 42/68 MP: 8/8
  6110 | D:6      | Reached ***** piety under Trog
  6162 | D:6      | Reached skill level 1 in Bows
  6172 | D:6      | Reached skill level 2 in Bows
  6250 | D:6      | Found a staircase to the Ecumenical Temple.
  6555 | D:7      | Found a stormy altar of Qazlal.
  6714 | D:7      | Noticed a hippogriff
  6725 | D:7      | Reached skill level 3 in Bows
  6729 | D:7      | Killed a hippogriff
  6729 | D:7      | Reached skill level 4 in Bows
  7572 | D:8      | Noticed a two-headed ogre
  7578 | D:8      | Killed a two-headed ogre
  7578 | D:8      | Reached skill level 6 in Bows
  7578 | D:8      | Reached XP level 9. HP: 75/75 MP: 9/9
  7645 | D:8      | Found Uchy's Food Boutique.
  7648 | D:8      | Noticed Joseph
  7901 | D:8      | Killed Joseph
  7901 | D:8      | Received a gift from Trog
  8002 | D:8      | Reached skill level 7 in Bows
  8348 | D:8      | Found a blossoming altar of Fedhas.
  8441 | D:8      | Noticed a two-headed ogre
  8497 | D:8      | Killed a two-headed ogre
  8497 | D:8      | Reached skill level 8 in Bows
  8497 | D:8      | Reached XP level 10. HP: 56/84 MP: 10/10
  8561 | D:8      | Received a gift from Trog
  9259 | D:9      | Reached skill level 5 in Armour
  9259 | D:9      | Reached skill level 5 in Dodging
  9311 | D:9      | Found a staircase to the Lair.
  9439 | D:9      | Received a gift from Trog
  9448 | D:9      | Reached skill level 9 in Bows
  9908 | D:10     | Entered Level 10 of the Dungeon
  9934 | D:9      | Killed an unseen horror
 10313 | D:10     | Received a gift from Trog
 10346 | D:10     | Reached skill level 10 in Bows
 10653 | D:10     | Noticed a two-headed ogre
 10681 | D:10     | Killed a two-headed ogre
 10681 | D:10     | Reached XP level 11. HP: 71/94 MP: 11/11
 10763 | D:10     | Found a blossoming altar of Fedhas.
 10825 | D:10     | Noticed Erica
 10880 | D:10     | Killed Erica
 10985 | D:10     | Killed an unseen horror
 10985 | D:10     | Reached skill level 11 in Bows
 11359 | D:5      | Bought a fine helmet for 218 gold pieces
 11364 | D:5      | Identified the +0 helmet of Vlad {+Inv rPois Str-3} (You
                  | bought it in a shop on level 5 of the Dungeon)
 11460 | D:11     | Found Bowkya Mifu's Antique Armour Shoppe.
 11589 | D:11     | Found a staircase to the Orcish Mines.
 11759 | D:11     | Received a gift from Trog
 12390 | D:11     | Found Hibydoq's Armour Shop.
 12487 | Lair:1   | Entered Level 1 of the Lair of Beasts
 12580 | Lair:1   | Reached skill level 12 in Bows
 13382 | Lair:1   | Reached XP level 12. HP: 82/103 MP: 12/12
 13576 | Lair:1   | Received a gift from Trog
 14002 | Lair:2   | Reached skill level 13 in Bows
 14018 | Lair:2   | Noticed a seven-headed hydra
 14024 | Lair:2   | Killed a seven-headed hydra
 14242 | Lair:2   | Noticed Sonja
 14245 | Lair:2   | Killed Sonja
 14245 | Lair:2   | Received a gift from Trog
 15254 | Lair:3   | Reached skill level 14 in Bows
 15359 | Lair:3   | Noticed a four-headed hydra
 15364 | Lair:3   | Killed a four-headed hydra
 15494 | Lair:3   | Noticed a seven-headed hydra
 15546 | Lair:3   | Killed a seven-headed hydra
 15719 | Lair:3   | Found a hole to the Spider Nest.
 15723 | Lair:3   | Reached XP level 13. HP: 113/113 MP: 13/13
 16586 | Lair:4   | Reached skill level 10 in Fighting
 16634 | Lair:4   | Reached skill level 10 in Polearms
 16684 | Lair:4   | Identified a scroll of acquirement
 16804 | Lair:4   | Found a staircase to the Swamp.
 17255 | Lair:5   | Reached skill level 15 in Bows
 17301 | Lair:5   | Found a viscous altar of Jiyva.
 17301 | Lair:5   | Found a staircase to the Slime Pits.
 17556 | Lair:5   | Received a gift from Trog
 17854 | Lair:5   | Noticed a fire dragon
 17873 | Lair:5   | Killed a fire dragon
 18098 | Lair:5   | Reached skill level 16 in Bows
 18376 | Lair:6   | Entered Level 6 of the Lair of Beasts
 18446 | Lair:6   | Reached XP level 14. HP: 122/122 MP: 14/14
 18498 | Lair:6   | Received a gift from Trog
 18831 | Lair:6   | Found a runed translucent door.
 18866 | Lair:6   | Noticed hemabe's ghost (journeyman HuAr)
 19446 | Lair:6   | Reached skill level 17 in Bows
 19859 | D:12     | Reached ****** piety under Trog
 19864 | D:12     | Received a gift from Trog
 21109 | D:13     | Noticed Snorg
 21115 | D:13     | Killed Snorg
 21149 | D:13     | Reached XP level 15. HP: 95/130 MP: 15/15
 21179 | D:13     | Noticed Orphog's ghost (journeyman MiFi)
 21254 | D:13     | Noticed Frances
 21564 | D:13     | Killed Frances
 21564 | D:13     | Reached skill level 18 in Bows
 21663 | D:13     | Received a gift from Trog
 21947 | D:13     | Found a transporter.
 21960 | D:13     | Found a transporter.
 22202 | D:14     | Received a gift from Trog
 22769 | D:14     | Found a gate to the Vaults.
 22873 | D:14     | Noticed Jorgrun
 22891 | D:14     | Killed Jorgrun
 23787 | D:15     | Entered Level 15 of the Dungeon
 23980 | D:15     | Found a staircase to the Depths.
 24162 | D:15     | Received a gift from Trog
 24277 | D:15     | Reached skill level 19 in Bows
 24556 | D:15     | Found a frozen archway.
 24709 | IceCv    | Entered an ice cave
 24924 | IceCv    | Noticed a frost giant
 24925 | IceCv    | Received a gift from Trog
 24938 | IceCv    | Killed a frost giant
 24938 | IceCv    | Reached XP level 16. HP: 141/141 MP: 16/16
 25840 | Orc:1    | Entered Level 1 of the Orcish Mines
 26158 | Orc:1    | Received a gift from Trog
 26253 | Orc:2    | Entered Level 2 of the Orcish Mines
 26293 | Orc:2    | Found a staircase to the Elven Halls.
 27063 | Orc:2    | Reached skill level 20 in Bows
 27072 | Orc:2    | Received a gift from Trog
 27339 | Orc:2    | Reached skill level 10 in Dodging
 27344 | Orc:2    | Reached skill level 10 in Armour
 27462 | Orc:2    | Found Meefed's Food Shop.
 27462 | Orc:2    | Found Ducid's Armour Shoppe.
 27465 | Orc:2    | Found Hutorul's Antique Armour Emporium.
 27465 | Orc:2    | Found Fecoul's Assorted Antiques.
 27512 | Orc:2    | Received a gift from Trog
 27897 | Orc:2    | Bought a pair of transparent gloves for 323 gold pieces
 27897 | Orc:2    | Identified the +0 pair of gloves "Elirae" {+Blink rPois
                  | MR++ rCorr} (You bought it in a shop on level 2 of the
                  | Orcish Mines)
 27999 | D:11     | Bought a +0 helmet of see invisible for 172 gold pieces
 28169 | Swamp:1  | Entered Level 1 of the Swamp
 28169 | Swamp:1  | Noticed a thorn hunter
 28246 | Swamp:1  | Killed a thorn hunter
 28365 | Swamp:1  | Noticed a thorn hunter
 28371 | Swamp:1  | Killed a thorn hunter
 28713 | Swamp:1  | Found a runed translucent gate.
 28713 | Swamp:1  | Found a runed translucent gate.
 28714 | Swamp:1  | Found a runed translucent gate.
 29196 | Swamp:1  | Noticed temitten's ghost (adept HaHu)
 29391 | Swamp:1  | Slain by a very large slime creature

Levels and vault maps discovered:
D:1:      evilmike_arrival_home_sweet_home, layout_loops_ring
D:2:      layout_basic, chequers_ecumenical_altar_twisty, first_ration
D:3:      layout_loops_ring, portal_sewer_entry_c
D:4:      layout_rooms, regret_index_temple_of_mockery, ebering_ghost_sewer_d,
          serial_shops, nicolae_shop_crystal
D:5:      lemuel_ratsnest, layout_rooms, nicolae_overflow_hidden_temple,
          serial_co_window_serial, co_window_paths_b, co_window_corner_a,
          co_window_paths_b, co_window_paths_a, co_window_paths_a,
          co_window_of_opportunity_a, co_window_corner_a,
          co_window_unsneaky_path_e, co_window_paths_c, co_window_corner_b,
          glass_columns_c, glass_columns_b, serial_shops, kennysheep_little_box
D:6:      layout_loops_cross, minmay_temple_entry_fiery,
          minmay_misc_feat_more_columns
D:7:      layout_loops_ring, nicolae_qazlal_general_emergency
D:8:      layout_rooms, fedhas_bush_and_centaur_altar, serial_shops, shop,
          blue_anna_alchemist [blue_anna_fruit_fields, blue_anna_fruit_fields],
          uniq_joseph
D:9:      layout_roguey, lair_entry_dummy
D:10:     layout_loops_cross, basic_altar, uniq_erica
D:11:     layout_cave_pods, orc_0_dummy, serial_shops,
          nicolae_shop_temple_entry_statues_fountains, nicolae_shop_behind_doors
D:12:     layout_roguey, drop_trap
D:13:     minmay_inner_zag, layout_basic, gammafunk_ghost_arena, st_stairs_2,
          uniq_snorg, uniq_frances
D:14:     layout_loops_corners, hangedman_vaults_entry_quadrant_bands,
          uniq_jorgrun
D:15:     gammafunk_depths_entry_grave, layout_small_grid,
          portal_ice_cave_entry_pillars_2, minmay_curled_crystal, special_room
          [special_room_bee], minmay_pinched_square
Lair:1:   lemuel_slime, layout_layer_cave
Lair:2:   layout_regular_city, grunt_megastairs_5, uniq_sonja
Lair:3:   layout_regular_city, nicolae_spider_entry_tight_spaces,
          lemuel_fruit_tree, serial_bayou_shore_b
Lair:4:   layout_regular_city, nicolae_swamp_entry_splash_gauntlet,
          chequers_serial_rivers_room_b, lemuel_fruit_fields,
          infiniplex_staircase_pool_2
Lair:5:   dragon1_lemuel, layout_gridlike, dpeg_slime_entry_enclosed_altar,
          grunt_forest_stairs_clearing
Lair:6:   evilmike_catoblepas_cave, layout_cave_pods,
          ebering_ghost_reflecting_pool
Swamp:1:  layout_falls_marsh, gammafunk_ghost_necromancy,
          evilmike_swamp_ruin_house_6, swamp_pool1
Swamp:2:  layout_basic_swamp, evilmike_swamp_ruin_rubble_1, swamp_pool3,
          st_shrine_of_shade
Orc:1:    layout_diamond_mine
Orc:2:    st_orc_ogre_mass, layout_caves, mines5_lemuel
Sewer:    sewer_co_scattered_pipes
IceCv:    ice_cave_small_giant

Skill      XL: |  1  2  3  4  5  6  7  8  9 10 11 12 13 14 15 16 |
---------------+-------------------------------------------------+-----
Polearms       | 3 4 5 6 7 8 9 10 11 12 | 12.9
Armour         | 2 3 4 5 6 7 8 9 10 | 10.4
Dodging        | 2 3 4 5 6 7 8 9 10 | 10.4
Fighting       | 4 5 6 7 8 9 10 11 12 13 | 13.4
Bows           | 6 8 10 12 14 16 17 19 20 | 20.0

Action                   |  1- 3 |  4- 6 |  7- 9 | 10-12 | 13-15 | 16-18 || total
-------------------------+-------+-------+-------+-------+-------+-------++-------
Melee: Spear             |   100 |   299 |    33 |       |       |       ||   432
       Kick              |    15 |    70 |    49 |    12 |     3 |     2 ||   151
       Halberd           |       |       |   181 |    35 |     4 |       ||   220
       Shortbow          |       |       |       |     1 |       |       ||     1
       Glaive            |       |       |       |       |     2 |     5 ||     7
 Fire: Shortbow          |       |       |   138 |   368 |       |       ||   506
       Longbow           |       |       |       |   296 |  1040 |   506 ||  1842
Invok: Berserk           |     1 |     3 |     2 |     1 |       |       ||     7
       Trog's Hand       |       |       |     2 |     2 |     6 |     2 ||    12
  Use: Potion            |       |     1 |       |       |     1 |       ||     2
       Scroll            |       |     4 |    15 |     7 |    12 |     6 ||    44
 Stab: Distracted        |       |     1 |       |       |       |       ||     1
  Eat: Chunk             |     1 |    10 |    15 |    20 |    26 |    13 ||    85
Armor: Robe              |     4 |       |       |       |       |       ||     4
       Ring mail         |    37 |    21 |       |       |       |       ||    58
       Scale mail        |       |    47 |    81 |   117 |     4 |       ||   249
       Plate armour      |       |       |       |       |   244 |    93 ||   337
Dodge: Dodged            |    39 |    78 |    91 |    98 |    80 |    34 ||   420

Table legend:
 A = Non-vault XP
 B = Vault XP
 C = Vault XP percentage of total XP
 D = Non-vault monster count
 E = Vault monster count
 F = Vault count percentage of total count
                 A         B        C        D         E       F
            +---------+---------+-------+---------+---------+-------
      Total |  131064 |   83267 |  38.8 |     674 |     300 |  30.8
            +---------+---------+-------+---------+---------+-------
        D:1 |      45 |       0 |   0.0 |      21 |       0 |   0.0
        D:2 |      99 |       0 |   0.0 |      17 |       0 |   0.0
        D:3 |     249 |      45 |  15.3 |      28 |       7 |  20.0
        D:4 |     374 |       0 |   0.0 |      25 |       0 |   0.0
        D:5 |     212 |     168 |  44.2 |      18 |      36 |  66.7
        D:6 |     664 |       0 |   0.0 |      15 |       0 |   0.0
        D:7 |     804 |       0 |   0.0 |       8 |       0 |   0.0
        D:8 |    2623 |     675 |  20.5 |      22 |       3 |  12.0
        D:9 |    2250 |       0 |   0.0 |      24 |       0 |   0.0
       D:10 |    5088 |     955 |  15.8 |      57 |       1 |   1.7
       D:11 |    3106 |       0 |   0.0 |      29 |       0 |   0.0
       D:12 |   10569 |       0 |   0.0 |      57 |       0 |   0.0
       D:13 |    7710 |    6670 |  46.4 |      25 |      11 |  30.6
       D:14 |    8005 |    8517 |  51.5 |      24 |      20 |  45.5
       D:15 |   19443 |   14847 |  43.3 |      54 |      47 |  46.5
     Lair:1 |    5436 |     642 |  10.6 |      29 |      19 |  39.6
     Lair:2 |    3655 |    2012 |  35.5 |       9 |       6 |  40.0
     Lair:3 |    7696 |    1951 |  20.2 |      26 |       7 |  21.2
     Lair:4 |    5184 |    1316 |  20.2 |      14 |       7 |  33.3
     Lair:5 |   15896 |    2141 |  11.9 |      31 |       7 |  18.4
     Lair:6 |    8169 |   12884 |  61.2 |      34 |      23 |  40.4
    Swamp:1 |   16480 |       0 |   0.0 |      30 |       0 |   0.0
    Swamp:2 |     676 |       0 |   0.0 |       3 |       0 |   0.0
      Orc:1 |    4072 |       0 |   0.0 |      36 |       0 |   0.0
      Orc:2 |    2559 |   20996 |  89.1 |      38 |      50 |  56.8
      Sewer |       0 |      44 | 100.0 |       0 |      20 | 100.0
      IceCv |       0 |    9404 | 100.0 |       0 |      36 | 100.0
            +---------+---------+-------+---------+---------+-------
